 Dungeon Crawl Stone Soup version 0.30-a0-368-g86fb4627a9 (webtiles) character file.

Game seed: 13894583461889680110

1911 Maxmaps the Carver (level 8, -3/58 HPs)
             Began as a Demonspawn Gladiator on Nov 19, 2022.
             Slain by Maggie
             ... wielding a +0 halberd of distortion
              (22 damage)
             ... on level 6 of the Dungeon.
             The game lasted 00:06:20 (5969 turns).

Maxmaps the Carver (Demonspawn Gladiator)           Turns: 5969, Time: 00:06:20

Health: -3/58      AC:  9    Str: 13    XL:     8   Next: 95%
Magic:  8/8        EV: 11    Int: 12    God:
Gold:   245        SH:  0    Dex: 14    Spells: 7/7 levels left

rFire   . . .      SeeInvis +    a - +1 long sword (freeze)
rCold   + . .      Faith    .    (no shield)
rNeg    + + +      Spirit   .    i - +0 ring mail
rPois   .          Reflect  .    c - +1 helmet
rElec   +          Harm     .    (cloak unavailable)
rCorr   .          Rampage  .    z - +0 pair of gloves
Will    .....                    u - +0 pair of boots
Stlth   +.........               B - amulet of the acrobat
HPRegen 0.29/turn                b - ring "Xurphuy" {rElec rC+ rN+++ Str-2 SInv}
MPRegen 0.22/turn                h - ring of flight

@: flying, mesmerised
A: foul stench 1, magic regeneration, weakness stinger 3
a: no special abilities


You were on level 6 of the Dungeon.
You visited 1 branch of the dungeon, and saw 6 of its levels.

You collected 245 gold pieces.

Inventory:

Hand Weapons
 a - a +1 long sword of freezing (weapon)
 y - a +0 short sword of venom
Missiles
 d - 3 throwing nets (quivered)
 e - a javelin
Armour
 c - a +1 helmet (worn)
 i - a +0 ring mail (worn)
 u - a +0 pair of boots (worn)
 z - a +0 pair of gloves (worn)
Jewellery
 b - the ring "Xurphuy" (left hand) {rElec rC+ rN+++ Str-2 SInv}
   (You found it on level 5 of the Dungeon)

   [ring of protection from cold]

   Str:       It affects your strength (-2).
   rC:        It protects you from cold.
   rElec:     It insulates you from electricity.
   rN:        It renders you almost immune to negative energy.
   SInv:      It lets you see invisible.
 h - a ring of flight (right hand)
 l - a ring of see invisible
 B - an amulet of the acrobat (around neck)
 D - a ring of ice
Wands
 E - a wand of paralysis (4)
 F - a wand of acid (5)
 G - a wand of roots (2)
Scrolls
 f - a scroll of butterflies
 m - a scroll of fear
 n - 2 scrolls of enchant weapon
 r - a scroll of blinking
 t - 5 scrolls of teleportation
 A - a scroll of immolation
Potions
 g - 4 potions of mutation
 j - a potion of cancellation {unknown}
 o - 2 potions of magic
 q - a potion of flight
 v - a potion of haste
 w - 4 potions of curing
 x - a potion of might
 H - a potion of heal wounds {unknown}


   Skills:
 - Level 3.3 Fighting
 + Level 10.7 Long Blades
 - Level 1.7 Throwing
 - Level 2.6 Dodging


You had 7 spell levels left.
You didn't know any spells.
Your spell library contained the following spells:

 Spells                   Type           Power      Damage    Failure   Level
 Sandblast                Erth           0%         2d4       58%         1
 Summon Small Mammal      Summ           0%         N/A       58%         1
 Passwall                 Tmut/Erth      0%         N/A       73%         2
 Call Canine Familiar     Summ           0%         N/A       91%         3
 Gell's Gravitas          Tloc           0%         N/A       91%         3
 Stone Arrow              Conj/Erth      0%         3d7       91%         3
 Summon Guardian Golem    Hex/Summ       0%         N/A       91%         3
 Teleport Other           Tloc           0%         N/A       91%         3
 Conjure Ball Lightning   Conj/Air       0%         3x3d6     100%        6
 Dispersal                Tloc           0%         N/A       100%        6
 Discord                  Hex            0%         N/A       100%        8
 Disjunction              Tloc           0%         N/A       100%        8


Dungeon Overview and Level Annotations

Branches:
Dungeon (6/15)
 Temple: D:4-7

Altars:
Dithmenos
Makhleb
Okawaru
Sif Muna
Vehumet

Shops:
D:1 !   D:4 [

Annotations:
D:6 Maggie


Innate Abilities, Weirdness & Mutations

You may rarely emit foul miasma when damaged in melee.
You regenerate magic rapidly.
You have a sharp stinger which inflicts weakening toxins.


Message History

You see here a necrophage corpse.
Maggie casts a spell.
Maggie attempts to bespell you!
You are mesmerised by Maggie!
You cannot move away from Maggie!
Maggie hits you but does no damage. Space warps around you.
You hit Maggie. You freeze Maggie.
Maggie is lightly wounded.
Maggie barely misses you.
You slash Maggie! You freeze Maggie. You tail-slap Maggie, but do no damage.
Maggie is moderately wounded.
You barely miss Maggie.
Maggie is moderately wounded.
Maggie hits you with a +0 halberd of distortion!
Space warps around you.
You hit Maggie but do no damage.
Maggie is moderately wounded.
Maggie gestures wildly while chanting.
Maggie draws you further into her thrall.
You hit Maggie. You freeze Maggie.
Maggie is moderately wounded.
Maggie misses you.
You hit Maggie. You freeze Maggie. Your punch misses Maggie.
Maggie is heavily wounded.
Maggie hits you with a +0 halberd of distortion.
Space warps horribly around you.
You barely miss Maggie.
Maggie is heavily wounded.
Maggie hits you but does no damage. Space warps around you.
You hit Maggie. You freeze Maggie.
Maggie is heavily wounded.
Maggie hits you with a +0 halberd of distortion.
Space warps around you.
You closely miss Maggie.
Maggie is heavily wounded.
You barely miss Maggie.
Maggie is heavily wounded.
Maggie hits you with a +0 halberd of distortion.
Space warps horribly around you!!
You die...

#.## #.#.# #.##
#..# #.#.##...##
##.# #.#........
#.# #..........
#.# .....>.... #.#
......... #.#
#.#.....#
#.########†.......
#........@@#.....#
############ @..##
.## .. ##


You could see Maggie (mesmerising).

Vanquished Creatures
  Pikel (D:4)
  Menkaure (D:6)
  A water moccasin (D:6)
  A centaur (D:5)
  2 necrophages (D:6)
  2 scorpions
  4 hounds
  2 jellies (D:2)
  5 orc priests (D:5)
  Crazy Yiuf (D:4)
  5 iguanas
  9 orc wizards
  7 adders
  A white imp (D:5)
  4 worms
  A dart slug (D:1)
  14 orcs
  7 ball pythons
  16 endoplasms
  A giant cockroach (D:1)
  8 goblins
  9 hobgoblins
  3 quokkas
  6 bats
  2 frilled lizards
  10 kobolds
  5 rats
128 creatures vanquished.

Vanquished Creatures (others)
  10 fungi (D:2)
  4 toadstools (D:2)
14 creatures vanquished.

Grand Total: 142 creatures vanquished

Notes
Turn   | Place    | Note
-------+----------+-------------------------------------------
     0 | D:1      | Maxmaps the Demonspawn Gladiator began the quest for the
                  | Orb.
     0 | D:1      | Reached XP level 1. HP: 16/16 MP: 1/1
   165 | D:1      | Gained mutation: You have a small tail. [demonic ancestry]
   165 | D:1      | Reached XP level 2. HP: 23/23 MP: 2/2
   627 | D:1      | Found Othrue's Distillery.
   984 | D:2      | Gained mutation: You have a tail ending in a sharp stinger.
                  | [demonic ancestry]
   984 | D:2      | Reached XP level 3. HP: 25/29 MP: 3/3
  1024 | D:2      | Reached skill level 3 in Long Blades
  1542 | D:2      | Reached skill level 4 in Long Blades
  1542 | D:2      | Gained mutation: You may rarely emit foul miasma when
                  | damaged in melee. [demonic ancestry]
  1542 | D:2      | Reached XP level 4. HP: 14/35 MP: 4/4
  1753 | D:2      | Gained mutation: You have a sharp stinger which inflicts
                  | weakening toxins. [demonic ancestry]
  1753 | D:2      | Reached XP level 5. HP: 41/41 MP: 5/5
  2226 | D:3      | Reached skill level 5 in Long Blades
  2641 | D:4      | Reached XP level 6. HP: 45/47 MP: 6/6
  2777 | D:4      | Noticed Pikel
  2796 | D:4      | Killed Pikel
  2797 | D:4      | Reached skill level 7 in Long Blades
  2797 | D:4      | Reached XP level 7. HP: 14/52 MP: 7/7
  2990 | D:4      | Found a shadowy altar of Dithmenos.
  3075 | D:4      | Found Seimos's Antique Armour Shoppe.
  3338 | D:4      | Found a runed translucent door.
  3339 | D:4      | Noticed Crazy Yiuf
  3390 | D:4      | Found a burning altar of Makhleb.
  3497 | D:4      | Reached skill level 8 in Long Blades
  3498 | D:4      | Found a shimmering blue altar of Sif Muna.
  3821 | D:4      | Killed Crazy Yiuf
  4009 | D:5      | Entered Level 5 of the Dungeon
  4013 | D:5      | Identified the ring "Xurphuy" {rElec rC+ rN+++ Str-2 SInv}
  4101 | D:5      | Gained mutation: You regenerate magic rapidly. [demonic
                  | ancestry]
  4101 | D:5      | Reached XP level 8. HP: 13/58 MP: 8/8
  4386 | D:5      | Reached skill level 9 in Long Blades
  4991 | D:5      | Found an iron altar of Okawaru.
  5452 | D:6      | Reached skill level 10 in Long Blades
  5716 | D:6      | Noticed Menkaure
  5723 | D:6      | Killed Menkaure
  5830 | D:6      | Found a radiant altar of Vehumet.
  5954 | D:6      | Noticed Maggie
  5969 | D:6      | Slain by Maggie

Illustrated notes

Levels and vault maps discovered:
D:1:      lightli_molten_gateway, layout_loops_corners, serial_shops, shop
D:2:      cheibrodos_fertilizer, layout_rooms, serial_corexii_hall,
          corexii_hall_statues_x, chequers_hall_statues_corner_a,
          minmay_misc_feat_four_crosses
D:3:      layout_basic, grunt_decor_mini_mirrors, minivault_26
D:4:      layout_basic, lemuel_round_altar, mainiacjoe_overflow_large_starburst,
          tgw_sif, serial_shops, nicolae_shop_stone,
          hangedman_decor_diamond_cutter, uniq_crazy_yiuf_cottage, uniq_pikel
D:5:      layout_loops_cross, general_overflow_altar
D:6:      layout_loops_ring, nemelex_diamond_rough_becter,
          mainiacjoe_overflow_cross_hatched, temple_fountains, serial_rivers,
          chequers_serial_rivers_small_3, chequers_serial_rivers_micro_c,
          chequers_serial_rivers_small_3, chequers_serial_rivers_small_3,
          uniq_menkaure, uniq_maggie

Skill      XL: |  1  2  3  4  5  6  7  8 |
---------------+-------------------------+-----
Fighting       | 3 |  3.3
Long Blades    | 4 5 7 8 10 | 10.7
Throwing       | |  1.7
Dodging        | |  2.6

Action                   |  1- 3 |  4- 6 |  7- 9 || total
-------------------------+-------+-------+-------++-------
Melee: Long sword        |   134 |    19 |    31 ||   184
       Tailslap          |     7 |    11 |    61 ||    79
       Short sword       |       |   103 |   255 ||   358
       Punch             |       |     2 |     8 ||    10
  Use: Scroll            |       |       |    15 ||    15
Armor: Leather armour    |     8 |       |       ||     8
       Ring mail         |    61 |    50 |    80 ||   191
Dodge: Dodged            |   100 |    72 |   122 ||   294

Table legend: (Time is in decaauts)
 A = Elapsed time spent in this place.
 B = Non-inter-level travel time spent in this place.
 C = Inter-level travel time spent in this place.
 D = Time resting spent in this place.
 E = Time spent auto-exploring this place.
 F = Levels seen in this place.
 G = Mean time per level.
                   A        B        C        D        E       F      G
               +--------+--------+--------+--------+--------+-----+--------+
         Total |   5914 |   5785 |    129 |   1130 |   3605 |   6 |  985.7 |
       Dungeon |   5914 |   5785 |    129 |   1130 |   3605 |   6 |  985.7 |
               +--------+--------+--------+--------+--------+-----+--------+

Top non-repeatable levels by time:
     D:4: 1544 daAuts
     D:2: 1078 daAuts
     D:5: 949 daAuts
     D:1: 935 daAuts
     D:6: 767 daAuts
     D:3: 639 daAuts
